 Dungeon Crawl Stone Soup version 0.30-a0-743-gbfdf073431 (webtiles) character file.

Game seed: 1097454859257661313

2450 NinjaNoafa the Summoner (level 9, -2/39 HPs)
             Began as a Felid Summoner on Feb 7, 2023.
             Was an Initiate of Gozag.
             Succumbed to a water moccasin's poison
             ... on level 9 of the Dungeon.
             The game lasted 00:47:21 (9265 turns).

NinjaNoafa the Summoner (Felid Summoner)            Turns: 9265, Time: 00:47:22

Health: -2/39      AC:  2    Str:  4    XL:     9   Next: 25%
Magic:  16/22      EV: 37    Int: 21    God:    Gozag
Gold:   415        SH:  0    Dex: 23    Spells: 11/24 levels left
                                        Lives:  0   Deaths: 3

rFire   . . .      SeeInvis +    (weapon unavailable)
rCold   . . .      Faith    .    (shield unavailable)
rNeg    . . .      Spirit   .    (body armour unavailable)
rPois   .          Reflect  .    (helmet unavailable)
rElec   .          Harm     .    (cloak unavailable)
rCorr   .          Rampage  .    (gloves unavailable)
Will    +....                    (boots unavailable)
Stlth   +++                      F - amulet of the acrobat
HPRegen 0.26/turn                s - +6 ring of dexterity
MPRegen 0.18/turn                H - ring of wizardry

@: lethally poisoned (-2 -> -18), acrobatic, quick
A: very small, claws 1, fangs 3, see invisible, speed 1, shaggy fur 2, stealthy
paws, no weapons or thrown items, no armour, multi-lived
a: Renounce Religion, Potion Petition, Call Merchant, Bribe Branch


You were on level 9 of the Dungeon.
You worshipped Gozag.
Gozag was aware of your devotion.
You visited 1 branch of the dungeon, and saw 9 of its levels.

You collected 1787 gold pieces.
You spent 1119 gold pieces at shops.
You paid 253 gold pieces to Gozag.

Inventory:

Jewellery
 s - a +6 ring of dexterity (left paw)
 x - a ring of positive energy
 D - a ring of protection from fire
 F - an amulet of the acrobat (around neck)
 H - a ring of wizardry (right paw)
Wands
 q - a wand of iceblast (19)
 r - a wand of quicksilver (3)
 B - a wand of mindburst (1)
Scrolls
 b - 2 scrolls of fear
 c - 2 scrolls of vulnerability
 e - 3 scrolls of immolation
 h - 2 scrolls of summoning
 i - 6 scrolls of teleportation
 l - 4 scrolls of amnesia
 u - a scroll of poison
 y - 2 scrolls of brand weapon {unknown}
 C - a scroll of acquirement {unknown}
 G - a scroll of enchant weapon {unknown}
Potions
 a - 3 potions of heal wounds
 d - a potion of experience {unknown}
 f - 2 potions of might
 g - 2 potions of brilliance
 j - a potion of resistance {unknown}
 k - a potion of flight {unknown}
 m - 3 potions of haste
 n - 2 potions of curing
 o - 4 potions of mutation
 t - 3 potions of lignification
 w - 5 potions of attraction
 z - 2 potions of magic
 A - a potion of berserk rage {unknown}
 E - a potion of ambrosia


   Skills:
 - Level 3.6 Fighting
 - Level 5.7 Dodging
 - Level 2.6 Stealth
 + Level 8.4 Spellcasting
 - Level 5.0 Hexes
 + Level 9.8 Summonings
 - Level 7.0 Air Magic


You had 11 spell levels left.
You knew the following spells:

 Your Spells              Type           Power      Damage    Failure   Level
a - Summon Small Mammal   Summ           100%       N/A       1%          1
b - Call Imp              Summ           50%        N/A       1%          2
c - Call Canine Familiar  Summ           50%        N/A       1%          3
d - Summon Guardian Gole  Hex/Summ       40%        N/A       1%          3
e - Summon Lightning Spi  Summ/Air       44%        N/A       1%          4

Your spell library contained the following spells:

 Spells                   Type           Power      Damage    Failure   Level
 Slow                     Hex            100%       N/A       1%          1
 Poisonous Vapours        Pois/Air       46%        N/A       1%          2
 Confusing Touch          Hex            29%        N/A       1%          3
 Vhi's Electric Charge    Tloc/Air       46%        N/A       2%          3
 Beastly Appendage        Tmut           16%        N/A       3%          1
 Freeze                   Ice            32%        1d5       3%          1
 Sting                    Tmut/Pois      32%        1d4       3%          1
 Wereblood                Tmut           8%         N/A       4%          2
 Frozen Ramparts          Ice            16%        1d3       9%          3
 Hailstorm                Conj/Ice       8%         3d4       9%          3
 Spider Form              Tmut/Pois      8%         N/A       9%          3
 Vampiric Draining        Necr           8%         2d6       9%          3
 Arcjolt                  Conj/Air       11%        1d21      21%         5
 Olgreb's Toxic Radiance  Pois           8%         N/A       28%         4
 Maxwell's Capacitive Co  Air            19%        ∞         100%        8
 Chain Lightning          Conj/Air       11%        3d15      100%        9
 Fire Storm               Conj/Fire      4%         8d1       100%        9
 Shatter                  Erth           4%         3d7*      100%        9


Dungeon Overview and Level Annotations

Branches:
Dungeon (9/15)               Lair (0/5) D:9
 Temple: D:4-7          Orc: D:9-12

Altars:
Dithmenos
Elyvilon
Gozag
Kikubaaqudgha
Nemelex Xobeh
Wu Jian

Shops:
D:1 ?***   D:9 !


Innate Abilities, Weirdness & Mutations

You have sharp claws.
You have razor-sharp teeth.
You have supernaturally acute eyesight. (SInv)
You cover ground quickly. (Speed+)
You are covered in thick fur. (AC +2)
Your paws help you pounce on unaware monsters.
You are incapable of wielding weapons or throwing items.
You cannot wear armour.
You gain extra lives every three experience levels.


Message History

The water moccasin bites you!
You are poisoned.
The water moccasin poisons you!
You feel sick. The yak completely misses you.
Casting: Summon Lightning Spire (dangerous; 1% risk of failure)
Confirm with . or Enter, or press ? or * to list all spells.
An electric hum fills the air.
You feel sick. The water moccasin bites you.
You are more poisoned.
The water moccasin poisons you! The water moccasin barely misses you.
The yak misses you.
The wyvern hisses menacingly.
The water moccasin barely misses you.
Your lightning spire cannot move out of your way!
The water moccasin attacks as you move away!
The water moccasin bites you.
You are lethally poisoned!
The water moccasin poisons you!
* * * LOW HITPOINT WARNING * * *
You feel very sick. The yak completely misses you.
The water moccasin attacks as you move away!
The water moccasin misses you.
* * * LOW HITPOINT WARNING * * *
You feel very sick.
The water moccasin barely misses your lightning spire.
The water moccasin closely misses you.
You see here 6 gold pieces.
* * * LOW HITPOINT WARNING * * *
You feel very sick.
The wyvern bites your lightning spire but does no damage.
The water moccasin bites your lightning spire but does no damage.
* * * LOW HITPOINT WARNING * * *
You feel very sick.
Your lightning spire shoots out a bolt of lightning at the water moccasin!
The bolt of electricity hits the water moccasin!
The water moccasin attacks as you move away!
The water moccasin completely misses you.
Found a staircase to the Lair.
You die...
Your body crumbles into a pile of gold.

############
#..........# ###
#...$..S8..# ..##
#..........# #..#
#.......Yl.#
##.####.......YSY#$
#....#.......YY.#
####.'.........@+
###...♣........#
#........P......
#....?............
##
...............###
.#
.P..............#
'###
.........P......#
...#
P......>.......#
...#


You could see 5 yaks, 2 water moccasins, a wyvern and a friendly lightning spire
(summoned).

Vanquished Creatures
  An orc priest (D:7)
  An endoplasm (D:1)
  2 bats
4 creatures vanquished.

Vanquished Creatures (collateral kills)
  A hornet (D:8)
  4 wyverns
  A basilisk (D:9)
  6 yaks
  2 water moccasins (D:9)
  An ogre (D:6)
  An ice beast (D:7)
  2 centaurs (D:7)
  A lemure (D:7)
  A phantom (D:4)
  2 kobold brigands (D:3)
  A bullfrog (D:8)
  A scorpion (D:5)
  2 necrophages
  2 wights (D:8)
  8 killer bees (D:9)
  A howler monkey (D:8)
  2 hounds
  3 orc priests
  An iguana (D:6)
  Natasha (thrice) (D:3)
  An orc wizard (D:7)
  12 adders
  11 gnolls
  A shadow imp (D:6)
  2 white imps (D:6)
  2 ufetubi
  6 worms
  3 dart slugs
  25 orcs
  3 ball pythons
  8 endoplasms
  5 giant cockroaches
  6 goblins
  8 hobgoblins
  4 quokkas
  5 bats
  3 frilled lizards
  12 kobolds
  6 rats
169 creatures vanquished.

Vanquished Creatures (others)
  A two-headed ogre (D:9)
  Pikel (D:7)
  2 yaks (D:9)
  Menkaure (D:4)
  Edmund (D:5)
  2 ice beasts
  A black bear (D:5)
  2 ogres
  A centaur (D:9)
  A gnoll sergeant (D:7)
  A wight (D:8)
  A killer bee (D:9)
  A jelly (D:5)
  An iguana (D:4)
  Ijyb (D:5)
  An orc (D:4)
  A quokka (D:5)
  10 fungi
  14 plants (D:9)
  6 toadstools (D:6)
50 creatures vanquished.

Grand Total: 223 creatures vanquished

Notes
Turn   | Place    | Note
-------+----------+-------------------------------------------
     0 | D:1      | NinjaNoafa the Felid Summoner began the quest for the Orb.
     0 | D:1      | Reached XP level 1. HP: 7/7 MP: 4/4
    78 | D:1      | Reached XP level 2. HP: 11/11 MP: 3/6
   156 | D:1      | Found Hiytzel's General Store.
   375 | D:1      | Found Koripaim's Magic Scroll Boutique.
   386 | D:1      | Found Zoafaup's Assorted Antiques.
   432 | D:1      | Learned a level 2 spell: Call Imp
   449 | D:1      | Reached XP level 3. HP: 4/14 MP: 5/8
   453 | D:1      | Learned a level 3 spell: Call Canine Familiar
   656 | D:1      | Found Rixecze's General Store.
   922 | D:2      | Found an opulent altar of Gozag.
   932 | D:2      | Became a worshipper of Gozag Ym Sagoz the Greedy
  1295 | D:2      | Reached XP level 4. HP: 18/18 MP: 5/9
  1306 | D:2      | Learned a level 3 spell: Summon Guardian Golem
  1356 | D:2      | Reached skill level 1 in Hexes
  1521 | D:3      | Noticed Natasha
  1545 | D:3      | Reached skill level 5 in Summonings
  1557 | D:3      | Killed Natasha
  1922 | D:3      | Reached XP level 5. HP: 8/21 MP: 1/11
  2058 | D:3      | Noticed Natasha
  2071 | D:3      | Killed Natasha
  2284 | D:3      | Gained mutation: You are covered in thick fur. (AC +2)
                  | [Felid growth]
  2284 | D:3      | Reached XP level 6. HP: 23/24 MP: 0/12
  2559 | D:3      | Noticed Natasha
  2567 | D:3      | Killed Natasha
  2630 | D:1      | Bought a scroll of fear for 52 gold pieces
  2630 | D:1      | Bought a scroll of immolation for 52 gold pieces
  2630 | D:1      | Bought a scroll of poison for 52 gold pieces
  2630 | D:1      | Bought a scroll of noise for 13 gold pieces
  2630 | D:1      | Bought a scroll of teleportation for 39 gold pieces
  2662 | D:1      | Bought a potion of heal wounds for 50 gold pieces
  2662 | D:1      | Bought a potion of cancellation for 80 gold pieces
  2662 | D:1      | Bought a potion of curing for 30 gold pieces
  2753 | D:1      | Bought a black potion for 16 gold pieces
  2753 | D:1      | Bought a scroll labelled HEUNIS CIHAQEXT for 18 gold pieces
  3419 | D:3      | Reached skill level 5 in Hexes
  3735 | D:4      | Reached skill level 6 in Summonings
  3802 | D:4      | Reached XP level 7. HP: 25/27 MP: 3/14
  4212 | D:5      | Entered Level 5 of the Dungeon
  4319 | D:4      | Noticed Menkaure
  4326 | D:4      | Killed Menkaure
  4327 | D:4      | Reached skill level 1 in Fighting
  4823 | D:5      | Reached skill level 5 in Spellcasting
  4884 | D:5      | Noticed Edmund
  4929 | D:5      | Killed Edmund
  4972 | D:5      | Noticed Ijyb
  5029 | D:5      | Reached XP level 8. HP: 33/33 MP: 7/16
  5052 | D:5      | Killed Ijyb
  5287 | D:5      | Reached skill level 7 in Summonings
  5339 | D:5      | Found an ancient bone altar of Kikubaaqudgha.
  5718 | D:6      | Reached skill level 5 in Dodging
  5812 | D:6      | Found a shadowy altar of Dithmenos.
  5825 | D:6      | Found a white marble altar of Elyvilon.
  5965 | D:6      | Reached skill level 1 in Air Magic
  6081 | D:6      | Found an ornate altar of the Wu Jian Council.
  6408 | D:1      | Bought a potion of heal wounds for 50 gold pieces
  6408 | D:1      | Bought a potion of ambrosia for 80 gold pieces
  6408 | D:1      | Bought a potion of haste for 100 gold pieces
  6499 | D:1      | Bought a dented jade amulet for 90 gold pieces
  6506 | D:1      | Bought a scroll of teleportation for 54 gold pieces
  6606 | D:1      | Bought a scroll of summoning for 123 gold pieces
  6996 | D:7      | Shot with an arrow by a centaur
  6997 | D:7      | Reached XP level 7. HP: -2/31 MP: 2/16
  7002 | D:7      | Learned a level 4 spell: Summon Lightning Spire
  7002 | D:7      | Noticed a wyvern
  7023 | D:7      | Killed a wyvern
  7024 | D:7      | Reached XP level 8. HP: 36/36 MP: 14/17
  7191 | D:7      | Noticed Pikel
  7211 | D:7      | Killed Pikel
  7212 | D:7      | Reached skill level 5 in Air Magic
  7774 | D:8      | Noticed a hornet
  7784 | D:8      | Killed a hornet
  7785 | D:8      | Reached XP level 9. HP: 39/39 MP: 8/19
  8229 | D:8      | Reached skill level 8 in Summonings
  8416 | D:8      | Found a sparkling altar of Nemelex Xobeh.
  8771 | D:9      | Noticed a two-headed ogre
  8786 | D:9      | Killed a two-headed ogre
  8787 | D:9      | Reached XP level 10. HP: 42/42 MP: 12/22
  8836 | D:9      | Killed from afar by an acid dragon
  8837 | D:9      | Reached XP level 9. HP: -8/39 MP: 20/21
  8841 | D:9      | Reached skill level 9 in Summonings
  8870 | D:9      | Killed from afar by an acid dragon
  8871 | D:9      | Reached XP level 8. HP: -9/36 MP: 12/20
  8943 | D:9      | Found Tugod's Distillery.
  8993 | D:9      | Bought a potion of degeneration for 10 gold pieces
  8993 | D:9      | Bought a potion of attraction for 30 gold pieces
  8993 | D:9      | Bought 2 potions of might for 80 gold pieces
  8993 | D:9      | Bought a potion of haste for 100 gold pieces
  9081 | D:9      | Reached XP level 9. HP: 39/39 MP: 2/22
  9264 | D:9      | HP: 1/39 [poisoned by a water moccasin]
  9265 | D:9      | Found a staircase to the Lair.
  9265 | D:9      | Succumbed to a water moccasin's poison

Illustrated notes

Levels and vault maps discovered:
D:1:      wheals_arrival_shading, layout_basic, serial_shops,
          nicolae_shop_window_shopping, nicolae_shop_waterfront, shop, shop
D:2:      layout_basic, basic_altar, minmay_three_crescents
D:3:      cheibrodos_thug_alley, layout_basic, grunt_decor_one_mirror,
          minmay_statues_item, dreamdust_mushroom_princess, uniq_natasha
D:4:      layout_loops_ring, kennysheep_decorative_pillar, uniq_menkaure
D:5:      layout_basic, mainiacjoe_overflow_alcove_2, uniq_edmund, uniq_ijyb
D:6:      layout_basic, mainiacjoe_overflow_large_starburst, kennysheep_mini,
          minmay_temple_entry_fiery, minmay_gold_behind_fungi
D:7:      layout_basic, uniq_pikel
D:8:      layout_rooms, mainiacjoe_overflow_two_lobes
D:9:      layout_roguey, minmay_lair_entry_grove, serial_shops, shop

Skill      XL: |  1  2  3  4  5  6  7  8  9 |
---------------+----------------------------+-----
Spellcasting   | 3 4 5 8 7 |  8.4
Hexes          | 2 4 5 |  5.0
Summonings     | 5 6 7 9 |  9.8
Fighting       | 2 3 |  3.6
Dodging        | 4 5 |  5.7
Air Magic      | 3 6 7 |  7.0
Stealth        | |  2.6

Action                     |  1- 3 |  4- 6 |  7- 9 | 10-12 || total
---------------------------+-------+-------+-------+-------++-------
  Melee: Unarmed           |     5 |     4 |     2 |       ||    11
         Bite              |       |     2 |       |       ||     2
   Cast: Summon Small Mamm |    40 |    35 |    44 |       ||   119
         Call Imp          |     2 |    19 |    27 |       ||    48
         Call Canine Famil |     7 |    26 |    39 |       ||    72
         Summon Guardian G |       |     1 |    27 |       ||    28
         Summon Lightning  |       |       |    23 |       ||    23
 Invoke: Potion Petition   |       |       |     1 |       ||     1
  Evoke: Wand              |       |       |     2 |       ||     2
    Use: Potion            |       |     1 |     6 |       ||     7
         Scroll            |       |       |     8 |       ||     8
 Armour: Skin              |    10 |     2 |     4 |       ||    16
  Dodge: Dodged            |    44 |    32 |   100 |       ||   176

Table legend: (Time is in decaauts)
 A = Elapsed time spent in this place.
 B = Non-inter-level travel time spent in this place.
 C = Inter-level travel time spent in this place.
 D = Time resting spent in this place.
 E = Time spent auto-exploring this place.
 F = Levels seen in this place.
 G = Mean time per level.
                   A        B        C        D        E       F      G
               +--------+--------+--------+--------+--------+-----+--------+
         Total |   7907 |   6044 |   1863 |      6 |   1590 |   9 |  878.6 |
       Dungeon |   7907 |   6044 |   1863 |      6 |   1590 |   9 |  878.6 |
               +--------+--------+--------+--------+--------+-----+--------+

Top non-repeatable levels by time:
     D:3: 1284 daAuts
     D:1: 1138 daAuts
     D:2: 1054 daAuts
     D:7: 1037 daAuts
     D:5: 850 daAuts
     D:4: 803 daAuts
     D:6: 799 daAuts
     D:9: 505 daAuts
     D:8: 433 daAuts
